Map: Год нулевой РВ

Players

Murena

  • Race: Terran Terran
  • Spawn Location: 11:00

ИИ 1 (эксперт) - Winner!

  • Race: Zerg Zerg
  • Spawn Location: 1:00

VOD

Have the link to the VOD?

Description

Time

  • Played on: Feb. 7, 2019, 10:45 a.m.
  • Length: 9:35
Show
View Real Time Build Order
Export as new Build Order

Murena Terran 

Build Orders:  

Get SALT Encoding   

  12  0:00  SCV  
  13  0:12  SCV  
  14  0:18  Supply Depot  
  14  0:25  SCV  
  15  0:40  Barracks, SCV  
  16  0:52  Barracks  
  16  0:55  SCV  
  17  1:09  Barracks, SCV  
  18  1:22  Supply Depot  
  18  1:23  SCV  
  19  1:27  Marine  
  20  1:35  SCV  
  21  1:40  Marine  
  21  1:46  Barracks  
  22  1:47  Marine  
  22  1:51  SCV  
  24  1:56  Marine  
  24  1:58  Marine  
  26  2:04  SCV  
  26  2:06  Marine  
  28  2:10  Supply Depot  
  28  2:14  Marine  
  29  2:16  Marine  
  30  2:24  Marine  
  30  2:27  Orbital Command  
  31  2:34  Marine  
  31  2:35  Marine  
  31  2:37  Marine  
  33  2:44  Supply Depot  
  34  2:45  Marine  
  34  2:50  Refinery  
  35  2:52  Marine  
  35  2:56  Marine  
  35  2:58  Marine  
  38  3:03  Marine  
  39  3:10  Barracks  
  39  3:11  Marine  
  40  3:16  Marine  
  40  3:17  Marine  
  42  3:21  Supply Depot  
  42  3:23  Marine  
  42  3:26  SCV  
  44  3:29  Marine  
  45  3:35  Marine, Barracks Tech Lab  
  45  3:40  SCV  
  47  3:43  Marine  
  48  3:49  Marine  
  48  3:51  Barracks  
  48  3:54  Marine  
  48  3:55  Marine  
  51  4:02  Supply Depot  
  51  4:04  Marine  
  51  4:05  Marine  
  51  4:09  Marine  
  54  4:15  Combat Shield  
  54  4:17  Marine  
  54  4:24  Marine  
  56  4:25  Marine  
  56  4:26  Marine  
  56  4:28  Marine  
  59  4:33  Supply Depot  
  59  4:37  Marine  
  60  4:38  Marine  
  60  4:40  SCV  
  60  4:43  Marine  
  63  4:47  Refinery  
  63  4:55  Barracks  
  63  4:57  Marine x2  
  65  5:03  Marine x2  
  65  5:04  Marine  
  65  5:06  Marine  
  69  5:11  SCV  
  70  5:16  Marine  
  71  5:36  Command Center  
  71  5:40  Supply Depot  
  71  5:46  Engineering Bay  
  71  5:51  Supply Depot  
  71  5:55  Stimpack  
  71  6:03  Marine x2  
  73  6:07  Marauder  
  73  6:09  Marine  
  73  6:11  Marine  
  76  6:16  Terran Infantry Weapons Level 1  
  77  6:19  SCV  
  77  6:23  Marine  
  79  6:25  Marine  
  79  6:28  Marine  
  79  6:31  Marine  
  82  6:33  SCV  
  82  6:35  Marine  
  82  6:39  Marine  
  85  6:41  Marine  
  86  6:47  Marine  
  86  6:51  Marauder  
  86  6:53  SCV  
  90  6:55  SCV  
  90  6:59  Marine  
  92  7:07  Engineering Bay  
  92  7:08  SCV  
  93  7:15  Planetary Fortress  
  93  7:19  Marine  
  93  7:20  SCV  
  93  7:22  Marine  
  96  7:35  Missile Turret  
  96  7:36  Terran Infantry Armor Level 1  
  96  7:49  Bunker  
  96  7:54  Missile Turret, Factory  
  96  7:55  SCV  
  96  7:56  SCV  
  96  7:58  Barracks Tech Lab x2  
  98  7:59  Barracks Tech Lab  
Show
View Real Time Build Order
Export as new Build Order

ИИ 1 (эксперт) Zerg - Winner!

Build Orders: Pool First 

Get SALT Encoding   

  12  0:00  Drone  
  13  0:13  Overlord  
  13  0:18  Drone  
  14  0:31  Drone x2  
  16  0:42  Spawning Pool  
  16  0:46  Drone  
  16  0:50  Drone  
  17  1:12  Hatchery  
  17  1:14  Drone  
  17  1:18  Extractor  
  16  1:19  Drone  
  16  1:24  Drone  
  18  1:28  Drone  
  19  1:38  Overlord  
  19  1:49  Drone  
  19  1:51  Queen  
  22  2:00  Zergling x2  
  23  2:06  Extractor  
  22  2:11  Drone  
  23  2:21  Drone  
  24  2:23  Drone  
  24  2:26  Queen  
  27  2:32  Drone  
  27  2:34  Drone  
  29  2:44  Roach Warren  
  29  2:46  Drone  
  29  2:50  Drone  
  30  2:54  Zergling x2  
  30  2:57  Zergling x2  
  32  3:02  Overlord  
  32  3:05  Drone  
  33  3:09  Drone  
  34  3:24  Roach x2  
  34  3:25  Roach x2  
  42  3:33  Lair  
  42  3:37  Overlord  
  42  3:43  Overlord  
  42  3:46  Zergling x2  
  44  3:48  Zergling x2  
  44  3:55  Zergling x2  
  44  3:56  Drone x2  
  44  3:58  Drone  
  44  4:01  Drone  
  49  4:03  Drone  
  49  4:08  Overlord  
  50  4:13  Roach  
  50  4:16  Roach  
  54  4:19  Roach  
  54  4:23  Roach  
  58  4:27  Overlord  
  58  4:33  Hydralisk Den, Drone  
  58  4:35  Drone  
  58  4:38  Drone  
  60  4:41  Roach  
  60  4:44  Roach  
  64  4:49  Overlord  
  64  5:03  Drone, Hydralisk x2  
  64  5:04  Hydralisk  
  64  5:05  Drone  
  72  5:07  Drone  
  72  5:08  Drone  
  72  5:11  Drone  
  75  5:14  Overlord  
  75  5:16  Drone  
  75  5:18  Drone  
  75  5:20  Drone  
  78  5:22  Drone  
  78  5:24  Drone  
  80  5:29  Drone  
  80  5:30  Infestation Pit  
  80  5:36  Overlord  
  80  5:38  Drone  
  80  5:39  Drone  
  80  5:41  Drone  
  83  5:43  Metabolic Boost  
  83  5:49  Evolution Chamber  
  82  5:51  Drone  
  83  6:04  Evolution Chamber  
  83  6:08  Extractor, Drone, Infestor  
  83  6:11  Evolution Chamber  
  83  6:12  Extractor, Drone  
  83  6:13  Drone  
  83  6:15  Zerg Missile Weapons Level 1  
  83  6:16  Infestor  
  86  6:19  Hatchery  
  86  6:20  Drone  
  86  6:29  Drone, Zerg Melee Weapons Level 1  
  86  6:30  Drone  
  88  6:36  Drone x3, Overlord  
  91  6:40  Zerg Ground Armor Level 1  
  91  6:48  Ravager  
  91  6:50  Roach  
  94  6:57  Ravager  
  94  6:59  Overlord, Roach  
  97  7:03  Hydralisk  
  99  7:10  Drone, Spine Crawler  
  99  7:15  Drone, Spine Crawler  
  98  7:20  Overseer  
  98  7:22  Infestor  
  101  7:31  Drone x3  
  101  7:32  Drone x4, Overlord  
  101  7:33  Drone x3  
  111  7:41  Extractor, Drone x2  
  111  7:42  Drone  
  111  7:43  Infestor, Drone, Roach  
  118  7:47  Baneling Nest, Drone x2  
  118  7:48  Drone  
  120  7:52  Overlord  
  120  7:53  Drone x2  
  122  8:02  Pathogen Glands  
  122  8:03  Drone, Roach  
  122  8:04  Drone  
  110  8:13  Extractor, Zergling x2  
  110  8:14  Hydralisk  
  110  8:15  Zergling x4, Roach  
  110  8:19  Drone x2, Roach  
  86  8:24  Roach  
  86  8:26  Roach x2  
  78  8:32  Baneling  
  56  8:35  Zergling x2  
  56  8:36  Zergling x2  
  56  8:37  Roach  
  50  8:46  Drone, Roach  
  38  8:48  Roach  
  38  8:50  Drone  
  34  8:56  Drone  
Tags
 
Add a new tag
Caveats
  • Supply blocks, unpowered buildings, or Contaminate may cause inaccurate times.
  • Supply counts are checked every 10 seconds.